AoeStats
← Realm_Gabolski

Black Forest

505322352Analyzed
4v4 RM · 23d ago on Sep 8, 2026· 47m 3s· 8 players
Game mode
Random Map
Map size
Large (8 player)
Population
200
Speed
Normal
Resources
Standard
Victory
Conquest
Starting age
Dark Age
Ending age
Imperial Age
RankedLock teamsTeams togetherTeam positionsShared explorationLock speedFull tech treeHidden civsTurbo modeCheats
Victory
Defeat
🇺🇸 Goths · United States
876
+28
🇺🇸 Celts · United States
790
+15
🇺🇸 Franks · United States
708
+19
🇺🇸 Persians · United States
638
+21
🇯🇴 Poles · Jordan
805
-18
🇯🇴 Lithuanians · Jordan
790
-18
🇨🇦 Bohemians · Canada
762
-16
🇯🇴 Khmer · Jordan
735
-15
im just gettin lucky
11:02 Feudal Age
13:28 Gold Mining
13:29 Double-Bit Axe
19:53 Castle Age
19:46 Scale Barding Armor
19:52 Forging
22:08 Bow Saw
21:51 Gold Mining
28:34 Chain Barding Armor
33:32 Iron Casting
37:05 Imperial Age
38:02 Chivalry
38:36 Cavalier
40:56 Wheelbarrow
40:43 Paladin
43:03 Chemistry
42:24 Ballistics
44:38 Caravan
krook
1:38 Loom
12:57 Feudal Age
13:25 Double-Bit Axe
15:04 Scale Mail Armor
17:18 Wheelbarrow
20:48 Castle Age
19:02 Gold Mining
19:44 Stone Mining
22:58 Fletching
23:21 Forging
23:43 Hand Cart
25:36 Bodkin Arrow
25:52 Forging
27:02 Squires
27:19 Anarchy
28:33 Chain Mail Armor
28:17 Horse Collar
30:31 Iron Casting
29:48 Town Watch
36:56 Imperial Age
37:37 Bracer
37:53 Masonry
38:04 Ballistics
40:36 Elite Huskarl
43:17 Conscription
huntrixLoL
0:43 Loom
13:26 Feudal Age
14:49 Double-Bit Axe
20:27 Gold Mining
24:45 Castle Age
24:51 Stone Mining
25:26 Bow Saw
24:57 Horse Collar
26:04 Gold Shaft Mining
27:51 Stone Shaft Mining
29:01 Wheelbarrow
32:40 Hand Cart
32:36 Heavy Plow
36:03 Scale Barding Armor
36:10 Forging
38:33 Imperial Age
37:05 Chain Barding Armor
37:28 Iron Casting
38:14 Elite War Elephant
41:57 Plate Barding Armor
42:24 Blast Furnace
42:33 Two-Man Saw
42:08 Crop Rotation
Booger Flicker X
5:22 Loom
12:47 Feudal Age
13:12 Horse Collar
15:55 Wheelbarrow
15:16 Double-Bit Axe
20:13 Castle Age
22:06 Bow Saw
21:56 Heavy Plow
27:48 Hand Cart
28:56 Gold Mining
33:07 Imperial Age
30:50 Stone Mining
31:39 Gold Shaft Mining
31:19 Forging
31:09 Scale Mail Armor
31:34 Arson
32:31 Stone Shaft Mining
32:14 Chain Mail Armor
34:03 Iron Casting
33:10 Onager
34:12 Conscription
33:20 Elite Woad Raider
33:44 Treadmill Crane
33:28 Capped Ram
34:26 Town Watch
44:47 Siege Onager
46:00 Furor Celtica
46:55 Blast Furnace
46:00 Scale Barding Armor
47:06 Chain Barding Armor
47:19 Plate Mail Armor
46:58 Siege Engineers
47:54 Chemistry
47:11 Murder Holes
47:37 Ballistics
amer2005ok
0:31 Loom
12:31 Feudal Age
12:56 Double-Bit Axe
18:20 Castle Age
20:26 Bow Saw
22:00 Gold Mining
23:39 Horse Collar
24:59 Stone Mining
29:03 Stone Shaft Mining
29:43 Wheelbarrow
32:52 Imperial Age
30:29 Caravan
32:55 Hand Cart
34:40 Town Watch
36:21 Chemistry
35:32 Masonry
35:18 Murder Holes
36:00 Hoardings
35:41 Heavy Plow
36:42 Fortified Wall
36:39 Cavalier
37:21 Husbandry
38:35 Bloodlines
40:02 Crop Rotation
39:54 Forging
39:50 Scale Barding Armor
39:56 Town Patrol
42:08 Iron Casting
41:53 Chain Barding Armor
41:37 Light Cavalry
Realm_Gabolski
1:32 Loom
13:54 Feudal Age
15:01 Double-Bit Axe
17:40 Castle Age
18:16 Wheelbarrow
21:19 Bow Saw
23:19 Hand Cart
23:18 Bow Saw
25:19 Horse Collar
26:50 Heavy Plow
34:19 Imperial Age
33:15 Scale Mail Armor
33:25 Forging
33:17 Padded Archer Armor
34:32 Caravan
36:03 Iron Casting
35:44 Chain Mail Armor
35:44 Leather Archer Armor
37:41 Chemistry
37:02 Ballistics
36:53 Masonry
36:56 Murder Holes
37:12 Fortified Wall
38:19 Plate Mail Armor
38:49 Blast Furnace
39:26 Masonry
39:55 Fletching
40:38 Ring Archer Armor
41:59 Conscription
43:28 Pikeman
44:08 Squires
45:07 Architecture
44:37 Halberdier
45:48 Conscription
45:28 Bodkin Arrow
Dr. Thrax
4:55 Loom
12:55 Feudal Age
14:21 Wheelbarrow
13:34 Double-Bit Axe
13:37 Horse Collar
14:04 Double-Bit Axe
20:20 Castle Age
23:25 Gold Mining
25:18 Bow Saw
27:32 Hand Cart
27:38 Heavy Plow
27:45 Stone Mining
29:50 Gold Shaft Mining
30:14 Stone Shaft Mining
31:44 Padded Archer Armor
36:22 Leather Archer Armor
40:47 Imperial Age
41:08 Elite Ballista Elephant
42:26 Double Crossbow
43:10 Conscription
48:21 Chemistry
WHEN
1:26 Loom
12:33 Feudal Age
14:02 Double-Bit Axe
21:11 Castle Age
19:02 Horse Collar
22:21 Bow Saw
25:49 Heavy Plow
28:54 Treadmill Crane
33:42 Scale Barding Armor
34:21 Fortified Wall
34:25 Stone Mining
38:21 Imperial Age
38:29 Bloodlines
39:09 Cavalier
Connection lost

Rejoining the realm…

Still unreachable

The connection could not be restored.

Session expired

The server has moved on; the page needs a fresh start.